Map: 해비테이션 스테이션 - 래더 (공허의 유산)

Players

INnoVation - Winner!

  • Race: Terran Terran
  • Spawn Location: 1:00

Stats

  • Race: Protoss Protoss
  • Spawn Location: 11:00

VOD

Have the link to the VOD?

Description

Time

  • Played on: Dec. 17, 2016, 11:39 p.m.
  • Length: 12:07
Show
View Real Time Build Order
Export as new Build Order

INnoVation Terran - Winner!

Build Orders: MMM Bio 

Get SALT Encoding   

  12  0:00  SCV  
  13  0:12  SCV  
  14  0:16  Supply Depot  
  14  0:24  SCV  
  15  0:38  SCV  
  15  0:40  Barracks  
  15  0:42  Refinery  
  16  0:50  SCV  
  17  1:02  SCV  
  18  1:14  SCV  
  19  1:26  Marine  
  19  1:27  Orbital Command  
  20  1:39  Command Center  
  20  1:45  Barracks Reactor  
  20  1:52  SCV  
  21  1:55  Supply Depot  
  21  2:05  SCV  
  21  2:07  Bunker  
  22  2:13  Barracks  
  22  2:21  Marine x2  
  24  2:23  SCV  
  24  2:29  Engineering Bay  
  25  2:35  SCV  
  26  2:38  Marine  
  26  2:39  Marine  
  28  2:50  Orbital Command  
  28  2:56  Missile Turret  
  28  2:57  Marine x2  
  30  3:03  SCV  
  30  3:05  Barracks Tech Lab  
  31  3:15  Marine x2  
  31  3:17  SCV, Orbital Command  
  33  3:24  Marine, Stimpack  
  34  3:30  SCV  
  34  3:32  Marine  
  34  3:33  Marine  
  36  3:35  Supply Depot  
  36  3:42  SCV, Marine, Factory  
  36  3:47  Refinery  
  39  3:48  Orbital Command  
  39  3:54  SCV  
  39  3:55  Marine x2  
  42  3:59  Marine  
  42  4:03  Terran Infantry Weapons Level 1  
  42  4:06  SCV  
  43  4:12  Marine  
  43  4:13  Marine  
  43  4:15  SCV  
  43  4:16  Missile Turret  
  46  4:17  Marine  
  46  4:19  SCV  
  46  4:22  Supply Depot  
  48  4:27  SCV, Starport  
  48  4:30  Factory Reactor  
  49  4:33  SCV  
  49  4:37  Marine x2  
  52  4:39  SCV, Marine  
  54  4:46  SCV, Supply Depot  
  54  4:51  SCV  
  56  4:56  Supply Depot  
  56  4:58  SCV  
  56  4:59  Marine x3  
  59  5:03  SCV  
  59  5:05  Refinery  
  61  5:12  Medivac x2  
  61  5:13  SCV  
  65  5:15  SCV, Widow Mine  
  65  5:19  Supply Depot  
  68  5:26  Marine x3  
  71  5:29  Combat Shields, Barracks  
  71  5:32  SCV x2  
  73  5:36  Refinery  
  73  5:44  SCV x2, Marine x2  
  73  5:45  Factory Reactor  
  73  5:46  Marauder  
  79  5:51  Supply Depot  
  79  5:56  SCV  
  79  5:57  SCV  
  81  6:02  Terran Infantry Armor Level 1, Marine x2  
  83  6:08  SCV, Marauder  
  83  6:09  SCV  
  83  6:18  Medivac x2  
  87  6:19  Supply Depot  
  87  6:20  SCV, Widow Mine x2  
  87  6:21  SCV  
  93  6:31  Liberator, Barracks Tech Lab  
  93  6:33  Marauder  
  94  6:40  Supply Depot  
  94  6:41  SCV x2, Marine x2  
  94  6:43  Supply Depot  
  94  6:44  Liberator  
  100  6:59  Widow Mine  
  102  7:01  Widow Mine  
  102  7:02  Supply Depot  
  102  7:06  Marauder x2  
  102  7:08  Marine x2  
  113  7:18  Command Center  
  106  7:31  Viking  
  106  7:36  Marine x2  
  106  7:37  Marauder x2  
  112  7:44  Viking  
  112  7:46  Armory, Engineering Bay  
  112  7:49  SCV x2  
  111  8:00  Marauder x2  
  111  8:01  SCV x2, Starport  
  111  8:02  Marine x2  
  117  8:10  Viking  
  119  8:14  SCV x2, Viking  
  119  8:15  Supply Depot  
  123  8:22  Marine x2  
  124  8:28  SCV x2  
  124  8:32  Orbital Command  
  122  8:35  Terran Infantry Weapons Level 2  
  122  8:37  Terran Infantry Armor Level 2  
  122  8:44  Refinery x2  
  122  8:46  SCV x2  
  124  8:51  Marauder  
  124  8:52  Marauder  
  128  8:56  Marine x2  
  128  9:00  Viking x2  
  134  9:03  Viking  
  134  9:04  SCV  
  134  9:05  SCV x2  
  139  9:10  Viking, Supply Depot  
  139  9:13  Terran Ship Weapons Level 1  
  134  9:20  Marauder x2  
  134  9:23  Marine x2  
  134  9:28  Barracks  
  134  9:29  SCV x3  
  134  9:30  Barracks  
  134  9:42  Marine x2, Marauder  
  134  9:43  Marauder, Viking x2  
  134  9:45  Viking x2  
  148  9:53  SCV x3  
  148  9:54  Supply Depot x2  
  151  10:03  Marine x2  
  151  10:04  Marauder x2  
  155  10:13  Viking  
  157  10:15  Viking x2  
  157  10:17  Viking  
  157  10:18  Barracks Reactor  
  157  10:20  Barracks Tech Lab  
  163  10:29  Marine x2, Marauder  
  163  10:30  Marauder  
  163  10:31  Supply Depot  
  163  10:35  Concussive Shells  
  168  10:41  Marauder  
  170  10:46  Medivac  
  170  10:47  Marine  
  173  10:53  Marine, Marauder x2, Medivac  
  180  11:02  Liberator x2  
  180  11:21  Marauder  
  181  11:32  Marauder  
  181  11:33  Marine x2  
  181  11:34  Marine  
  181  11:36  Marine  
  181  11:38  Marauder  
Show
View Real Time Build Order
Export as new Build Order

Stats Protoss 

Build Orders: Oracle Opening, Colossus Rush 

Get SALT Encoding   

  12  0:00  Probe (Chrono Boost)  
  13  0:11  Probe (Chrono Boost)  
  14  0:17  Pylon  
  14  0:22  Probe (Chrono Boost)  
  16  0:35  Probe (Chrono Boost)  
  16  0:36  Gateway  
  16  0:41  Assimilator  
  16  0:46  Probe (Chrono Boost)  
  17  0:50  Assimilator  
  17  0:56  Probe (Chrono Boost)  
  18  1:07  Probe (Chrono Boost)  
  18  1:08  Pylon  
  19  1:18  Probe (Chrono Boost)  
  20  1:24  Cybernetics Core  
  20  1:29  Probe (Chrono Boost)  
  20  1:32  Zealot  
  23  1:39  Probe (Chrono Boost)  
  24  1:45  Pylon  
  24  1:50  Probe (Chrono Boost)  
  25  2:01  Mothership Core (Chrono Boost)  
  27  2:04  Stargate  
  27  2:08  Adept  
  29  2:17  Warp Gate  
  29  2:28  Probe (Chrono Boost)  
  30  2:33  Adept  
  32  2:44  Oracle, Pylon  
  35  3:05  Nexus  
  35  3:11  Probe (Chrono Boost)  
  36  3:20  Gateway  
  36  3:30  Gateway  
  36  3:32  Probe (Chrono Boost)  
  37  3:42  Probe (Chrono Boost)  
  38  3:56  Probe (Chrono Boost)  
  39  4:03  Pylon  
  39  4:05  Pylon  
  39  4:10  Robotics Facility  
  40  4:17  Probe (Chrono Boost)  
  40  4:18  Probe (Chrono Boost)  
  40  4:22  Sentry x2  
  45  4:27  Probe (Chrono Boost)  
  45  4:28  Probe (Chrono Boost)  
  47  4:37  Sentry  
  47  4:38  Probe (Chrono Boost)  
  50  4:39  Probe (Chrono Boost)  
  51  4:49  Probe x2 (Chrono Boost)  
  53  4:55  Assimilator  
  53  4:57  Observer  
  53  4:59  Assimilator  
  56  5:00  Probe x2 (Chrono Boost), Robotics Bay  
  56  5:10  Probe (Chrono Boost)  
  56  5:13  Probe (Chrono Boost), Stalker x2  
  62  5:19  Observer  
  62  5:21  Probe (Chrono Boost)  
  63  5:25  Probe (Chrono Boost)  
  65  5:31  Probe (Chrono Boost)  
  65  5:34  Pylon  
  67  5:37  Probe (Chrono Boost), Pylon  
  67  5:41  Pylon  
  67  5:44  Colossus  
  67  5:49  Probe (Chrono Boost)  
  69  5:51  Probe (Chrono Boost)  
  69  5:54  Pylon  
  75  5:59  Adept x3  
  81  6:13  Probe x2 (Chrono Boost)  
  81  6:15  Pylon  
  81  6:18  Pylon  
  83  6:24  Adept x3  
  91  6:25  Probe x2 (Chrono Boost)  
  91  6:28  Extended Thermal Lance  
  91  6:31  Colossus  
  91  6:39  Probe (Chrono Boost)  
  98  6:40  Probe (Chrono Boost), Pylon  
  98  6:54  Stalker x2  
  98  6:55  Stalker  
  98  7:00  Forge  
  98  7:01  Probe x2 (Chrono Boost)  
  106  7:08  Pylon  
  106  7:09  Pylon  
  106  7:17  Colossus  
  106  7:29  Adept x3  
  105  7:48  Probe x2 (Chrono Boost)  
  105  7:50  Stalker x2  
  110  7:56  Protoss Ground Weapons Level 1, Photon Cannon  
  110  7:57  Pylon  
  110  8:01  Pylon  
  107  8:30  Adept x3  
  113  8:34  Nexus, Observer  
  113  8:35  Pylon  
  114  8:46  Twilight Council  
  114  8:48  Probe x2 (Chrono Boost)  
  116  8:53  Pylon  
  116  9:00  Probe x2 (Chrono Boost)  
  111  9:10  Stalker  
  111  9:11  Stalker x2  
  111  9:12  Probe x2 (Chrono Boost)  
  108  9:35  Stalker x3  
  108  9:44  Probe x2 (Chrono Boost)  
  110  9:51  Disruptor  
  116  9:54  Probe (Chrono Boost)  
  116  9:56  Probe x2 (Chrono Boost)  
  116  10:02  Resonating Glaives  
  116  10:07  Adept x2  
  115  10:12  Assimilator  
  115  10:13  Assimilator  
  117  10:14  Templar Archives  
  117  10:31  Pylon  
  117  10:32  Pylon x2  
  117  10:34  Pylon x2  
  117  10:36  Pylon  
  117  10:40  Psionic Storm  
  120  10:50  Pylon, High Templar x3  
  120  10:51  Probe x3 (Chrono Boost), Pylon  
  120  10:52  Disruptor  
  126  10:59  Gateway  
  126  11:03  Probe x3 (Chrono Boost)  
  129  11:11  Gateway x2  
  129  11:23  High Templar x3  
  129  11:24  Disruptor  
Tags
 
Add a new tag
Caveats
  • Supply blocks, unpowered buildings, or Contaminate may cause inaccurate times.
  • Supply counts are checked every 10 seconds.